 Dungeon Crawl Stone Soup version 0.29.0-15-g675c0067aa (webtiles) character file.

Game seed: 12995761937372642218

20250 qw the Cleaver (level 12, -1/76 HPs)
             Began as a Gargoyle Fighter on Sept 11, 2022.
             Was a High Priest of Okawaru.
             Killed from afar by a lindwurm (10 damage)
             ... with a blast of flame
             ... on level 3 of the Lair of Beasts.
             The game lasted 00:05:03 (16067 turns).

qw the Cleaver (Gargoyle Fighter)                  Turns: 16067, Time: 00:05:03

Health: -1/76      AC: 30    Str: 28    XL:     12   Next: 77%
Magic:  19/19      EV: 28    Int:  9    God:    Okawaru [*****.]
Gold:   647        SH: 12    Dex:  9    Spells: 11/11 levels left

rFire   + . .      SeeInvis +   o - +5 hand axe of Defiance {flame, rC+ Will+ Str+3 SInv}
rCold   + . .      Faith    .   y - +0 kite shield {rN+}
rNeg    + + .      Spirit   .   g - +0 plate armour
rPois   inf        Reflect  .   z - -2 helmet of the Cricket {rF+ Slay+2 Stlth-}
rElec   +          Harm     .   w - +2 cloak {Stlth+}
rCorr   +          Rampage  .   c - +1 pair of gloves
Will    +....                   (no boots)
Stlth   ..........              t - amulet of the acrobat
HPRegen 0.22/turn               j - +4 ring of evasion
MPRegen 0.16/turn               p - ring of resist corrosion

@: heroic, acrobatic
A: sickness immunity, AC +8, negative energy resistance 1, electricity
resistance, torment resistance 1, petrification resistance
a: Renounce Religion, Heroism, Finesse, Duel


You were on level 3 of the Lair of Beasts.
You worshipped Okawaru.
Okawaru was extremely pleased with you.
You visited 3 branches of the dungeon, and saw 15 of its levels.

You collected 893 gold pieces.
You spent 246 gold pieces at shops.


Innate Abilities, Weirdness & Mutations

You are immune to sickness and miasma.
Your stone body is resilient. (AC +8)
You are immune to poison.
You resist negative energy. (rN+)
You are resistant to electric shocks. (rElec)
You are resistant to unholy torment.
You are immune to petrification.


   Skills:
 - Level 9.2(14.2) Fighting
 + Level 11.6(16.6) Axes
 - Level 3.3(8.3) Throwing
 - Level 8.0(13.0) Armour
 - Level 2.1(7.1) Dodging
 - Level 10.0(15.0) Shields
 - Level 10.0 Invocations


You had 11 spell levels left.
You didn't know any spells.
Your spell library was empty.

Inventory:

Hand Weapons
 k - a +0 war axe
 o - the +5 hand axe of Defiance (weapon) {flame, rC+ Will+ Str+3 SInv}
   (You found it on level 5 of the Dungeon)

   It burns those it strikes, dealing additional fire damage.
   Big, fiery blades are also staple armaments of hydra-hunters.
   Str:       It affects your strength (+3).
   rC:        It protects you from cold.
   SInv:      It lets you see invisible.
   Will:      It increases your willpower.
Missiles
 x - 4 boomerangs (quivered)
Armour
 a - the +1 leather armour of Least Resistance {rElec rF+ rC++}
   (You found it on level 2 of the Dungeon)

   rF:        It protects you from fire.
   rC:        It greatly protects you from cold.
   rElec:     It insulates you from electricity.
 c - a +1 pair of gloves (worn)
 g - a +0 plate armour (worn)
 q - a +1 helmet
 w - a +2 cloak of stealth (worn)
 y - a +0 kite shield of positive energy (worn)
 z - the -2 helmet of the Cricket (worn) {rF+ Slay+2 Stlth-}
   (Okawaru gifted it to you on level 2 of the Lair of Beasts)

   Slay:      It affects your accuracy & damage with ranged weapons and melee
   (+2).
   rF:        It protects you from fire.
   Stlth:     It makes you less stealthy.
 C - a scarf of resistance
Jewellery
 j - a +4 ring of evasion (left hand)
 n - a ring of positive energy
 p - a ring of resist corrosion (right hand)
 t - an amulet of the acrobat (around neck)
Scrolls
 e - 5 scrolls of identify
 r - a scroll of blinking
 u - 3 scrolls of teleportation
 v - 3 scrolls of fog
 A - a scroll of enchant weapon
Potions
 b - 8 potions of mutation
 d - 3 potions of might
 f - 5 potions of curing
 h - 2 potions of attraction
 i - 3 potions of cancellation
 l - 3 potions of heal wounds
 m - 4 potions of lignification
 s - 2 potions of haste
 D - a potion of magic

Dungeon Overview and Level Annotations

Branches:
Dungeon (11/15)            Temple (1/1) D:4            Lair (3/5) D:11
  Swamp (0/4) Lair:3       Spider (0/4) Lair:3          Orc (0/2) D:9

Altars:
Ashenzari
Cheibriados
Dithmenos
Elyvilon
Fedhas
Gozag
Hepliaklqana
Kikubaaqudgha
Makhleb
Nemelex Xobeh
Okawaru
Qazlal
Ru
Sif Muna
Trog
Uskayaw
Vehumet
Wu Jian
Xom
Yredelemnul
Zin
The Shining One

Shops:
D:6 ?

Portals:
Trove: D:11 (give +3 storm dragon scales)


Message History

The lindwurm breathes flames at you. The blast of flame misses you.
The lindwurm breathes flames at you. The blast of flame misses you.
The lindwurm breathes flames at you. The blast of flame hits you. You resist.
The lindwurm breathes flames at you. The blast of flame misses you.
You start resting.
The lindwurm breathes flames at you. The blast of flame hits you! You resist.
The lindwurm breathes flames at you. The blast of flame hits you. You resist.
The lindwurm breathes flames at you. The blast of flame hits you! You resist.
The lindwurm breathes flames at you. The blast of flame misses you.
The lindwurm breathes flames at you. The blast of flame misses you.
The lindwurm breathes flames at you. The blast of flame hits you. You resist.
The lindwurm breathes flames at you.
The blast of flame hits you but does no damage.
The lindwurm breathes flames at you. The blast of flame hits you! You resist.
16062 ||| FLEEEEING.
The lindwurm breathes flames at you. The blast of flame hits you!! You resist.
16063 ||| FLEEEEING.
16064 ||| FLEEEEING.
The lindwurm breathes flames at you. The blast of flame misses you.
16065 ||| FLEEEEING.
16066 ||| FLEEEEING.
The lindwurm breathes flames at you. The blast of flame hits you! You resist.
16067 ||| FLEEEEING.
The lindwurm breathes flames at you. The blast of flame hits you! You resist.
You die...

................#.............###
.......#####.........###........#
.......# #.#.......[#.#.......#
.......## ##....##.....P...##..#
.##.....######.....#.......###P..
##...................<.....# ####
###.....¤¤¤...............## #
#.......¤¤................# ##
.....¤~~~¤¤~~...@.........# ##.
...¤~¤~~¤¤~~~~~..........## #..
..~¤~~¤~~¤~~¤~~¤....##....## ##.
.~~~~~~~¤¤~~¤~~¤~...###....####..
.~~~~~~..kk¤¤~¤¤~...# ###......##
~¤~¤~...##kk.~~¤¤¤..## #.....##
~~~~~..####..¤~~¤~...# ##....###
¤~¤~k.#.? .#..¤¤¤¤¤..## #.....P##
¤~~~k##$[ #.¤~~¤~...###......P.


You could see 4 lindwurms.

Vanquished Creatures
  Erolcha (D:10)
  6 hydras
  Nergalle (D:10)
  A manticore (D:11)
  Maurice (D:10)
  4 centaur zombies (D:10)
  2 black mambas (Lair:3)
  Maggie (D:9)
  2 cane toads
  An unseen horror (D:11)
  2 unseen horror zombies (D:10)
  A kobold demonologist (D:10)
  2 rime drakes (Lair:3)
  2 komodo dragons
  A troll (D:11)
  A meliai (Lair:3)
  2 tyrant leeches (Lair:3)
  5 dream sheep (Lair:3)
  3 wraiths
  A wyvern (D:10)
  10 yaks
  3 shadows (D:10)
  A vampire (D:10)
  A basilisk (Lair:3)
  2 steam dragons (D:8)
  3 swamp worms (Lair:3)
  5 water moccasins
  Duvessa (D:5)
  4 orc warriors
  A black bear (D:5)
  6 wolves
  2 ogres
  3 centaurs
  3 kobold brigands
  A phantom (D:5)
  A necrophage (D:5)
  13 bullfrogs
  A scorpion (D:6)
  7 wights
  Dowan (D:5)
  8 killer bees
  2 electric eels (D:11)
  A howler monkey (D:9)
  3 jellies (D:5)
  A crimson imp (D:6)
  9 hounds
  6 orc priests
  2 iguanas
  8 orc wizards
  A mummy (D:7)
  2 gnolls (D:9)
  2 adders
  2 white imps
  3 ufetubi
  2 dart slugs
  36 orcs
  4 bats
  4 endoplasms
  A giant cockroach (D:2)
  4 goblins
  6 hobgoblins
  5 jackals (D:4)
  3 quokkas
  8 ball pythons
  25 kobolds
  16 rats
273 creatures vanquished.

Vanquished Creatures (others)
  A gnoll (D:9)
  7 plants
  A withered plant (D:10)
9 creatures vanquished.

Grand Total: 282 creatures vanquished

Notes
Turn   | Place    | Note
-------+----------+-------------------------------------------
     0 | D:1      | qw the Gargoyle Fighter began the quest for the Orb.
     0 | D:1      | Reached XP level 1. HP: 14/14 MP: 1/1
     0 | D:1      | 0 ||| qw: Version: 0.1-a-119-g272c26d
     0 | D:1      | 0 ||| qw: Game counter: 10714
     0 | D:1      | 0 ||| qw: Always use a shield: true
     0 | D:1      | 0 ||| qw: God list: Okawaru
     0 | D:1      | 0 ||| qw: Allow faded altars: false
     0 | D:1      | 0 ||| qw: Do Orc after D:15 true
     0 | D:1      | 0 ||| qw: Do second Lair branch before Depths: true
     0 | D:1      | 0 ||| qw: Lair rune preference: random
     0 | D:1      | 0 ||| qw: Plans: Normal, Zot, God:TSO, Crypt, Tomb, Pan,
                  | Slime, Hells, Zig, Abyss, Orb
     0 | D:1      | 0 ||| PLANNING D:1-11
    98 | D:1      | Reached skill level 2 in Axes
   156 | D:1      | Reached XP level 2. HP: 6/19 MP: 2/2
   607 | D:1      | 607 ||| Stepping ~*~*~tactically~*~*~ (stealth).
   610 | D:1      | 610 ||| Stepping ~*~*~tactically~*~*~ (stealth).
   615 | D:1      | 615 ||| Stepping ~*~*~tactically~*~*~ (stealth).
   684 | D:1      | Found a faded altar of an unknown god.
   977 | D:1      | 977 ||| UPGRADING to +0 chain mail.
   987 | D:1      | 987 ||| DROPPING +0 scale mail.
   988 | D:1      | 988 ||| UPGRADING to ring of resist corrosion.
   989 | D:1      | 989 ||| READING scroll labelled GOEPPOP HILEI.
  1090 | D:2      | Identified the +1 leather armour of Least Resistance {rElec
                  | rF+ rC++}
  1269 | D:2      | Reached skill level 3 in Axes
  1270 | D:2      | Reached XP level 3. HP: 20/23 MP: 3/3
  1356 | D:2      | Reached skill level 1 in Throwing
  1439 | D:2      | 1439 ||| FLEEEEING.
  1524 | D:2      | 1524 ||| DROPPING +0 club.
  2100 | D:2      | 2100 ||| DROPPING ring of wizardry.
  2101 | D:2      | 2101 ||| READING scroll labelled TIUH VEMMASMAL.
  2104 | D:2      | 2104 ||| READING scroll labelled XESSEGRELU.
  2105 | D:2      | 2105 ||| READING scroll labelled IKUPEE UFIHA.
  2106 | D:2      | 2106 ||| READING scroll labelled RYGUIMM SIGYWU.
  2107 | D:2      | 2107 ||| DRINKING 2 metallic green potions.
  2108 | D:2      | 2108 ||| DRINKING 2 silvery potions.
  2345 | D:3      | Found a sparkling altar of Nemelex Xobeh.
  2362 | D:3      | Found an opulent altar of Gozag.
  2436 | D:3      | Reached XP level 4. HP: 27/28 MP: 4/4
  2484 | D:3      | Found a basalt altar of Yredelemnul.
  2669 | D:3      | 2669 ||| FLEEEEING.
  2670 | D:3      | 2670 ||| FLEEEEING.
  2671 | D:3      | 2671 ||| FLEEEEING.
  2672 | D:3      | 2672 ||| FLEEEEING.
  2673 | D:3      | 2673 ||| FLEEEEING.
  2674 | D:3      | 2674 ||| FLEEEEING.
  2681 | D:3      | 2681 ||| FLEEEEING.
  2682 | D:3      | 2682 ||| FLEEEEING.
  2683 | D:3      | 2683 ||| FLEEEEING.
  2684 | D:3      | 2684 ||| FLEEEEING.
  2685 | D:3      | 2685 ||| FLEEEEING.
  2686 | D:3      | 2686 ||| STAIRDANCE
  2835 | D:2      | 2835 ||| READING scroll labelled ERINAO IJAS.
  2836 | D:2      | 2836 ||| DRINKING 3 amethyst potions.
  2837 | D:2      | 2837 ||| READING 2 scrolls of identify.
  2837 | D:2      | 2837 ||| IDENTIFYING smoky green potion
  2847 | D:3      | HP: 4/28 [orc priest/divine providence (11)]
  2848 | D:3      | 2848 ||| DRINKING potion of heal wounds.
  2860 | D:3      | Reached skill level 4 in Axes
  3089 | D:3      | 3089 ||| Stepping ~*~*~tactically~*~*~ (stealth).
  3359 | D:3      | 3359 ||| UPGRADING to +0 plate armour.
  3369 | D:3      | 3369 ||| DROPPING +0 chain mail.
  3370 | D:3      | 3370 ||| READING scroll labelled DUYLEAMUYPT.
  3557 | D:4      | Found a staircase to the Ecumenical Temple.
  3558 | D:4      | 3558 ||| PLANNING TEMPLE
  3558 | D:4      | 3558 ||| DROPPING +6 ring of intelligence.
  3559 | D:4      | 3559 ||| READING scroll labelled ONGEXZ VAKE.
  3673 | Temple   | Entered the Ecumenical Temple
  3674 | Temple   | 3674 ||| PLANNING D:1-11
  3680 | Temple   | Became a worshipper of Warmaster Okawaru
  3730 | D:4      | Noticed an ogre
  3739 | D:4      | HP: 6/28 [orc/+0 flail (6)]
  3741 | D:4      | Reached XP level 5. HP: 6/32 MP: 5/5
  3743 | D:4      | Killed an ogre
  3743 | D:4      | Reached * piety under Okawaru
  3744 | D:4      | Reached skill level 5 in Axes
  3744 | D:4      | HP: 4/32 [something (2)]
  3747 | D:4      | HP: 1/32 [something/magic dart (3)]
  3749 | D:4      | 3749 ||| Stepping ~*~*~tactically~*~*~ (stealth).
  3751 | D:4      | Reached XP level 6. HP: 1/37 MP: 6/6
  3751 | D:4      | 3751 ||| INVOKING Heroism.
  3755 | D:4      | 3755 ||| Stepping ~*~*~tactically~*~*~ (stealth).
  3756 | D:4      | 3756 ||| Stepping ~*~*~tactically~*~*~ (stealth).
  3757 | D:4      | 3757 ||| Stepping ~*~*~tactically~*~*~ (stealth).
  3787 | D:4      | 3787 ||| INVOKING Heroism.
  3792 | D:4      | HP: 5/37 [orc wizard/+0 dagger (1)]
  3798 | D:4      | Reached skill level 1 in Invocations
  4078 | D:4      | 4078 ||| DROPPING +3 whip of electrocution.
  4144 | D:4      | 4144 ||| INVOKING Heroism.
  4649 | D:4      | Found a shimmering altar of Xom.
  4799 | D:4      | 4799 ||| UPGRADING to +0 helmet.
  4804 | D:4      | 4804 ||| UPGRADING to ring of positive energy.
  4805 | D:4      | 4805 ||| READING scroll labelled FEANEA YTOWO.
  4859 | D:4      | 4859 ||| READING scroll labelled ATU CAUDIMUA.
  4860 | D:4      | 4860 ||| DRINKING 2 red potions.
  4861 | D:4      | 4861 ||| READING 2 scrolls of identify.
  4861 | D:4      | 4861 ||| IDENTIFYING white potion
  4862 | D:4      | 4862 ||| DROPPING potion of flight.
  4909 | D:5      | Entered Level 5 of the Dungeon
  4987 | D:5      | 4987 ||| INVOKING Heroism.
  4991 | D:5      | Reached skill level 6 in Axes
  4991 | D:5      | Reached XP level 7. HP: 12/43 MP: 5/8
  5187 | D:5      | 5187 ||| Stepping ~*~*~tactically~*~*~ (stealth).
  5188 | D:5      | 5188 ||| INVOKING Heroism.
  5297 | D:5      | Identified the +5 hand axe of Defiance {flame, rC+ Will+
                  | Str+3 SInv}
  5299 | D:5      | 5299 ||| SWAPPING to +5 hand axe of Defiance {flame, rC+
                  | Will+ Str+3 SInv}.
  5300 | D:5      | 5300 ||| DROPPING +0 flail.
  5337 | D:5      | 5337 ||| INVOKING Heroism.
  5339 | D:5      | 5339 ||| Stepping ~*~*~tactically~*~*~ (stealth).
  5364 | D:5      | Noticed a yak
  5364 | D:5      | Noticed a yak
  5364 | D:5      | Noticed a yak
  5365 | D:5      | Noticed a yak
  5367 | D:5      | 5367 ||| INVOKING Heroism.
  5374 | D:5      | Killed a yak
  5375 | D:5      | Reached skill level 3 in Invocations
  5380 | D:5      | Killed a yak
  5383 | D:5      | Reached XP level 8. HP: 13/48 MP: 7/11
  5383 | D:5      | HP: 6/48 [yak (7)]
  5387 | D:5      | Killed a yak
  5387 | D:5      | Reached ** piety under Okawaru
  5389 | D:5      | Killed a yak
  5390 | D:5      | Reached skill level 7 in Axes
  5643 | D:5      | Noticed Duvessa
  5643 | D:5      | Noticed Dowan
  5644 | D:5      | 5644 ||| Stepping ~*~*~tactically~*~*~ (hiding).
  5645 | D:5      | 5645 ||| INVOKING Heroism.
  5651 | D:5      | Killed Duvessa
  5655 | D:5      | Killed Dowan
  5711 | D:5      | 5711 ||| INVOKING Heroism.
  5862 | D:5      | 5862 ||| INVOKING Heroism.
  6017 | D:5      | 6017 ||| UPGRADING to +4 ring of evasion.
  6019 | D:5      | 6019 ||| UPGRADING to ring of resist corrosion.
  6021 | D:5      | 6021 ||| READING scroll labelled SUHOIPLION.
  6022 | D:5      | 6022 ||| READING 2 scrolls of identify.
  6022 | D:5      | 6022 ||| IDENTIFYING golden potion
  6023 | D:5      | 6023 ||| DROPPING potion of degeneration.
  6186 | D:6      | Reached XP level 9. HP: 54/54 MP: 12/12
  6213 | D:6      | Reached skill level 8 in Axes
  6221 | D:6      | 6221 ||| Stepping ~*~*~tactically~*~*~ (stealth).
  6222 | D:6      | 6222 ||| Stepping ~*~*~tactically~*~*~ (stealth).
  6238 | D:6      | Found a radiant altar of Vehumet.
  6325 | D:6      | Reached skill level 6 in Fighting
  6488 | D:6      | Found Kyiluy's Magic Scroll Shop.
  6501 | D:6      | 6501 ||| BUYING scroll of blinking (97 gold).
  6501 | D:6      | Bought a scroll of blinking for 97 gold pieces
  6501 | D:6      | 6501 ||| BUYING scroll of enchant armour (97 gold).
  6501 | D:6      | Bought a scroll of enchant armour for 97 gold pieces
  6501 | D:6      | 6501 ||| BUYING scroll of fog (52 gold).
  6501 | D:6      | Bought a scroll of fog for 52 gold pieces
  6501 | D:6      | 6501 ||| SHOPLISTING scroll of identify (26 gold, have 7).
  6501 | D:6      | 6501 ||| READING scroll of enchant armour.
  6501 | D:6      | 6501 ||| ENCHANTING +0 helmet.
  6544 | D:6      | 6544 ||| UPGRADING to amulet of the acrobat.
  6549 | D:6      | 6549 ||| READING 2 scrolls labelled UPTI KULIKK.
  6550 | D:6      | 6550 ||| READING 2 scrolls of identify.
  6550 | D:6      | 6550 ||| IDENTIFYING sedimented puce potion
  6551 | D:6      | 6551 ||| DROPPING scroll of magic mapping.
  6657 | D:7      | 6657 ||| Stepping ~*~*~tactically~*~*~ (hiding).
  6663 | D:7      | 6663 ||| Stepping ~*~*~tactically~*~*~ (stealth).
  6679 | D:7      | Reached *** piety under Okawaru
  6692 | D:7      | 6692 ||| Stepping ~*~*~tactically~*~*~ (stealth).
  6699 | D:7      | 6699 ||| Stepping ~*~*~tactically~*~*~ (hiding).
  6702 | D:7      | 6702 ||| Stepping ~*~*~tactically~*~*~ (hiding).
  6780 | D:7      | Found a snail-covered altar of Cheibriados.
  6897 | D:7      | 6897 ||| Stepping ~*~*~tactically~*~*~ (stealth).
  7166 | D:7      | 7166 ||| READING 2 scrolls of identify.
  7166 | D:7      | 7166 ||| IDENTIFYING emerald potion
  7247 | D:8      | 7247 ||| Stepping ~*~*~tactically~*~*~ (stealth).
  7249 | D:8      | 7249 ||| Stepping ~*~*~tactically~*~*~ (hiding).
  7255 | D:8      | 7255 ||| INVOKING Heroism.
  7270 | D:8      | Reached skill level 9 in Axes
  7386 | D:8      | 7386 ||| Stepping ~*~*~tactically~*~*~ (hiding).
  7387 | D:8      | 7387 ||| Stepping ~*~*~tactically~*~*~ (hiding).
  7388 | D:8      | 7388 ||| INVOKING Heroism.
  7571 | D:8      | 7571 ||| INVOKING Heroism.
  7575 | D:8      | 7575 ||| Stepping ~*~*~tactically~*~*~ (cloud).
  8011 | D:8      | 8011 ||| Stepping ~*~*~tactically~*~*~ (stealth).
  8016 | D:8      | 8016 ||| INVOKING Heroism.
  8022 | D:8      | 8022 ||| Stepping ~*~*~tactically~*~*~ (stealth).
  8032 | D:8      | 8032 ||| Stepping ~*~*~tactically~*~*~ (stealth).
  8035 | D:8      | 8035 ||| Stepping ~*~*~tactically~*~*~ (stealth).
  8036 | D:8      | 8036 ||| Stepping ~*~*~tactically~*~*~ (stealth).
  8037 | D:8      | 8037 ||| Stepping ~*~*~tactically~*~*~ (stealth).
  8038 | D:8      | 8038 ||| Stepping ~*~*~tactically~*~*~ (stealth).
  8039 | D:8      | 8039 ||| Stepping ~*~*~tactically~*~*~ (stealth).
  8040 | D:8      | 8040 ||| Stepping ~*~*~tactically~*~*~ (stealth).
  8041 | D:8      | 8041 ||| Stepping ~*~*~tactically~*~*~ (stealth).
  8042 | D:8      | 8042 ||| Stepping ~*~*~tactically~*~*~ (stealth).
  8045 | D:8      | 8045 ||| Stepping ~*~*~tactically~*~*~ (stealth).
  8046 | D:8      | 8046 ||| Stepping ~*~*~tactically~*~*~ (stealth).
  8047 | D:8      | 8047 ||| Stepping ~*~*~tactically~*~*~ (stealth).
  8051 | D:8      | 8051 ||| Stepping ~*~*~tactically~*~*~ (stealth).
  8053 | D:8      | 8053 ||| Stepping ~*~*~tactically~*~*~ (stealth).
  8055 | D:8      | 8055 ||| Stepping ~*~*~tactically~*~*~ (stealth).
  8116 | D:8      | 8116 ||| Stepping ~*~*~tactically~*~*~ (hiding).
  8120 | D:8      | 8120 ||| INVOKING Heroism.
  8121 | D:8      | 8121 ||| READING 3 scrolls of identify.
  8121 | D:8      | 8121 ||| IDENTIFYING ruby potion
  8315 | D:8      | 8315 ||| DROPPING amulet of magic regeneration.
  8316 | D:8      | 8316 ||| DROPPING potion of brilliance.
  8349 | D:9      | 8349 ||| Stepping ~*~*~tactically~*~*~ (stealth).
  8416 | D:9      | Reached XP level 10. HP: 63/63 MP: 13/13
  8538 | D:9      | Noticed Maggie
  8550 | D:9      | 8550 ||| INVOKING Heroism.
  8552 | D:9      | Killed Maggie
  8552 | D:9      | Reached **** piety under Okawaru
  8553 | D:9      | Reached skill level 10 in Axes
  8747 | D:9      | 8747 ||| Stepping ~*~*~tactically~*~*~ (hiding).
  8749 | D:9      | 8749 ||| INVOKING Heroism.
  8750 | D:9      | 8750 ||| Stepping ~*~*~tactically~*~*~ (hiding).
  8767 | D:9      | 8767 ||| Stepping ~*~*~tactically~*~*~ (hiding).
  8783 | D:9      | 8783 ||| INVOKING Heroism.
  8793 | D:9      | 8793 ||| Stepping ~*~*~tactically~*~*~ (stealth).
  8817 | D:9      | Found a staircase to the Orcish Mines.
  8851 | D:9      | Reached skill level 6 in Armour
  8857 | D:9      | 8857 ||| INVOKING Heroism.
  8882 | D:9      | HP: 15/63 [orc warrior/+0 scimitar (11)]
  8883 | D:9      | 8883 ||| READING 2 scrolls of teleportation.
  8884 | D:9      | 8884 ||| DRINKING 3 potions of heal wounds.
  9141 | D:9      | Noticed a boulder beetle
  9141 | D:9      | Noticed a manticore
  9172 | D:9      | 9172 ||| INVOKING Heroism.
  9325 | D:9      | 9325 ||| READING scroll labelled ETOCAS LUWOA.
  9326 | D:9      | 9326 ||| READING 3 scrolls of identify.
  9326 | D:9      | 9326 ||| IDENTIFYING inky potion
  9327 | D:9      | 9327 ||| DROPPING potion of ambrosia.
  9343 | D:10     | Entered Level 10 of the Dungeon
  9368 | D:10     | Noticed Nergalle
  9369 | D:10     | 9369 ||| INVOKING Heroism.
  9388 | D:10     | Killed Nergalle
  9388 | D:10     | Received a gift from Okawaru
  9389 | D:10     | Reached skill level 6 in Invocations
  9398 | D:10     | Reached ***** piety under Okawaru
  9405 | D:10     | 9405 ||| INVOKING Heroism.
  9583 | D:10     | 9583 ||| Stepping ~*~*~tactically~*~*~ (stealth).
  9590 | D:10     | 9590 ||| INVOKING Heroism.
  9659 | D:10     | Noticed Erolcha
  9660 | D:10     | 9660 ||| INVOKING Heroism.
  9661 | D:10     | 9661 ||| INVOKING Finesse.
  9667 | D:10     | Killed Erolcha
  9668 | D:10     | Reached skill level 3 in Throwing
  9668 | D:10     | Reached XP level 11. HP: 68/68 MP: 8/16
  9761 | D:10     | Noticed Maurice
  9779 | D:10     | Killed Maurice
  9961 | D:10     | 9961 ||| Stepping ~*~*~tactically~*~*~ (stealth).
 10031 | D:10     | 10031 ||| INVOKING Heroism.
 10032 | D:10     | 10032 ||| INVOKING Finesse.
 10096 | D:10     | 10096 ||| INVOKING Heroism.
 10103 | D:10     | Received a gift from Okawaru
 10139 | D:10     | 10139 ||| Stepping ~*~*~tactically~*~*~ (stealth).
 10142 | D:10     | 10142 ||| Stepping ~*~*~tactically~*~*~ (stealth).
 10147 | D:10     | Found a glowing golden altar of the Shining One.
 10158 | D:10     | Reached skill level 9 in Invocations
 10234 | D:10     | Reached skill level 11 in Axes
 10425 | D:10     | 10425 ||| Stepping ~*~*~tactically~*~*~ (stealth).
 10426 | D:10     | 10426 ||| Stepping ~*~*~tactically~*~*~ (stealth).
 10689 | D:10     | 10689 ||| UPGRADING to +2 cloak of stealth.
 10694 | D:10     | 10694 ||| UPGRADING to +0 kite shield of positive energy.
 10704 | D:10     | 10704 ||| DROPPING +0 buckler.
 10747 | D:11     | Noticed a manticore
 10750 | D:11     | 10750 ||| INVOKING Heroism.
 10758 | D:11     | Killed a manticore
 10979 | D:11     | 10979 ||| INVOKING Heroism.
 11023 | D:11     | Found a staircase to the Lair.
 11024 | D:11     | 11024 ||| INVOKING Heroism.
 11035 | D:11     | 11035 ||| Stepping ~*~*~tactically~*~*~ (water).
 11231 | D:11     | 11231 ||| INVOKING Heroism.
 11244 | D:11     | Reached skill level 6 in Shields
 11293 | D:11     | Noticed a four-headed hydra
 11294 | D:11     | 11294 ||| INVOKING Heroism.
 11306 | D:11     | Killed a one-headed hydra
 11376 | D:11     | 11376 ||| Stepping ~*~*~tactically~*~*~ (hiding).
 11669 | D:11     | Noticed a moth of wrath
 11672 | D:11     | Found a bloodstained altar of Trog.
 11673 | D:11     | 11673 ||| INVOKING Heroism.
 11693 | D:11     | 11693 ||| INVOKING Heroism.
 11777 | D:11     | Found a portal to a secret trove of treasure.
 11960 | D:11     | 11960 ||| PLANNING LAIR
 11960 | D:11     | 11960 ||| UPGRADING to +0 pair of gloves.
 11984 | Lair:1   | Entered Level 1 of the Lair of Beasts
 11988 | Lair:1   | 11988 ||| Stepping ~*~*~tactically~*~*~ (stealth).
 11991 | Lair:1   | 11991 ||| Stepping ~*~*~tactically~*~*~ (stealth).
 12073 | Lair:1   | 12073 ||| INVOKING Heroism.
 12124 | Lair:1   | Noticed a four-headed hydra
 12133 | Lair:1   | Killed a one-headed hydra
 12134 | Lair:1   | Reached XP level 12. HP: 73/73 MP: 19/19
 12310 | Lair:1   | 12310 ||| INVOKING Heroism.
 12313 | Lair:1   | Reached skill level 9 in Shields
 12462 | Lair:1   | Noticed an eight-headed hydra
 12463 | Lair:1   | 12463 ||| INVOKING Heroism.
 12623 | Lair:1   | Noticed a seven-headed hydra
 12625 | Lair:1   | 12625 ||| INVOKING Heroism.
 12631 | Lair:1   | Killed a three-headed hydra
 12911 | Lair:1   | 12911 ||| READING scroll labelled XIXUWI SOROABA.
 12912 | Lair:1   | 12912 ||| READING scroll labelled QEYCEGR WOSETE.
 13172 | Lair:2   | 13172 ||| Stepping ~*~*~tactically~*~*~ (stealth).
 13173 | Lair:2   | 13173 ||| INVOKING Heroism.
 13185 | Lair:2   | Killed a two-headed hydra
 13185 | Lair:2   | Identified the -2 helmet of the Cricket {rF+ Slay+2 Stlth-}
                  | (Okawaru gifted it to you on level 2 of the Lair of Beasts)
 13185 | Lair:2   | Received a gift from Okawaru
 13850 | Lair:2   | 13850 ||| UPGRADING to -2 helmet of the Cricket {rF+ Slay+2
                  | Stlth-}.
 13887 | Lair:3   | 13887 ||| Stepping ~*~*~tactically~*~*~ (hiding).
 13939 | Lair:3   | 13939 ||| Stepping ~*~*~tactically~*~*~ (hiding).
 14261 | Lair:3   | 14261 ||| Stepping ~*~*~tactically~*~*~ (stealth).
 14574 | Lair:3   | 14574 ||| Stepping ~*~*~tactically~*~*~ (hiding).
 14575 | Lair:3   | 14575 ||| Stepping ~*~*~tactically~*~*~ (hiding).
 14576 | Lair:3   | 14576 ||| INVOKING Heroism.
 14639 | Lair:3   | 14639 ||| INVOKING Heroism.
 14643 | Lair:3   | 14643 ||| Stepping ~*~*~tactically~*~*~ (hiding).
 14729 | Lair:3   | 14729 ||| INVOKING Heroism.
 14730 | Lair:3   | Noticed a six-headed hydra
 14730 | Lair:3   | Noticed a four-headed hydra
 14741 | Lair:3   | Killed a one-headed hydra
 14742 | Lair:3   | Reached skill level 9 in Fighting
 14743 | Lair:3   | Killed a one-headed hydra
 14750 | Lair:3   | 14750 ||| INVOKING Heroism.
 14750 | Lair:3   | HP: 14/76 [tyrant leech (21)]
 14751 | Lair:3   | 14751 ||| READING 4 scrolls of teleportation.
 14752 | Lair:3   | 14752 ||| DRINKING 4 potions of heal wounds.
 14915 | Lair:3   | Found a staircase to the Swamp.
 14989 | Lair:3   | 14989 ||| READING scroll of enchant armour.
 14989 | Lair:3   | 14989 ||| ENCHANTING +0 pair of gloves.
 14993 | Lair:3   | Found a hole to the Spider Nest.
 14994 | Lair:3   | 14994 ||| Stepping ~*~*~tactically~*~*~ (hiding).
 14996 | Lair:3   | 14996 ||| INVOKING Heroism.
 15574 | Lair:3   | 15574 ||| INVOKING Heroism.
 15593 | Lair:3   | 15593 ||| FLEEEEING.
 15594 | Lair:3   | 15594 ||| FLEEEEING.
 15595 | Lair:3   | 15595 ||| FLEEEEING.
 15595 | Lair:3   | HP: 16/76 [lindwurm/blast of flame (5)]
 15596 | Lair:3   | 15596 ||| FLEEEEING.
 15597 | Lair:3   | 15597 ||| FLEEEEING.
 15598 | Lair:3   | 15598 ||| FLEEEEING.
 15603 | Lair:3   | 15603 ||| STAIRDANCE
 15865 | Lair:2   | 15865 ||| READING 7 scrolls of identify.
 15865 | Lair:2   | 15865 ||| IDENTIFYING green potion
 15866 | Lair:2   | 15866 ||| READING 6 scrolls of identify.
 15866 | Lair:2   | 15866 ||| IDENTIFYING dark potion
 15867 | Lair:2   | 15867 ||| DROPPING potion of invisibility.
 15873 | Lair:3   | 15873 ||| INVOKING Heroism.
 15910 | Lair:3   | 15910 ||| FLEEEEING.
 15911 | Lair:3   | 15911 ||| FLEEEEING.
 15912 | Lair:3   | 15912 ||| FLEEEEING.
 15915 | Lair:3   | 15915 ||| STAIRDANCE
 16009 | Lair:3   | 16009 ||| INVOKING Heroism.
 16062 | Lair:3   | 16062 ||| FLEEEEING.
 16062 | Lair:3   | HP: 17/76 [lindwurm/blast of flame (18)]
 16063 | Lair:3   | 16063 ||| FLEEEEING.
 16064 | Lair:3   | 16064 ||| FLEEEEING.
 16065 | Lair:3   | 16065 ||| FLEEEEING.
 16066 | Lair:3   | 16066 ||| FLEEEEING.
 16066 | Lair:3   | HP: 8/76 [lindwurm/blast of flame (9)]
 16067 | Lair:3   | 16067 ||| FLEEEEING.
 16067 | Lair:3   | Killed from afar by a lindwurm

Levels and vault maps discovered:
D:1:      sevenhm_arrival_forest_fort_large_2, layout_loops_ring,
          hellmonk_ecumenical_altar_prayer_group
D:2:      layout_basic
D:3:      layout_loops_corners, mainiacjoe_overflow_alcove_2,
          lemuel_round_altar, yredelemnul_altar_generic
D:4:      minmay_opposing_rooms, layout_basic, lemuel_coloured_pillars_altar,
          temple_pool_b
D:5:      layout_basic, corexii_checkpoint_a, uniq_duvessa
D:6:      layout_rooms, nicolae_vehumet_radiance, nicolae_wooded_promenade,
          minmay_fire_ice_demons
D:7:      layout_rooms, slow_altar_2, chequers_serial_rivers_room_b,
          kennysheep_small_square
D:8:      layout_basic
D:9:      layout_roguey, hiddenorc1_lemuel, lightli_corner_chamber, uniq_maggie
D:10:     layout_stronghold, tso_oasis_becter, serial_undead, serial_undead_a,
          serial_undead_a, serial_undead_d, serial_undead_e, uniq_nergalle,
          uniq_erolcha, uniq_maurice
D:11:     layout_loops_cross, erik_lair_island, enter_trove_3, tgw_trog
Temple:   nicolae_temple_no_exploring_needed
Lair:1:   layout_chaotic_city, grunt_megastairs_4
Lair:2:   layout_small_grid, lemuel_fruit_tree
Lair:3:   layout_layer_cave, palyth_hydra_swamp_entry,
          hellmonk_spider_entry_not_the_bees, minmay_lindwurm_lava

Skill      XL: |  1  2  3  4  5  6  7  8  9 10 11 12 |
---------------+-------------------------------------+-----
Axes           | 2 3 4 5 6 7 9 10 11 | 11.6
Throwing       | 1 2 3 |  3.3
Invocations    | 1 4 7 10 | 10.0
Fighting       | 4 5 7 8 9 |  9.2
Dodging        | 2 |  2.1
Armour         | 4 5 6 8 |  8.0
Shields        | 4 5 8 10 | 10.0

Action                   |  1- 3 |  4- 6 |  7- 9 | 10-12 || total
-------------------------+-------+-------+-------+-------++-------
Melee: War axe           |    78 |   101 |     3 |       ||   182
       Hand axe          |       |       |   194 |   539 ||   733
Throw: Javelin           |    31 |    14 |    28 |     7 ||    80
       Boomerang         |       |       |       |    93 ||    93
Invok: Heroism           |       |     4 |    11 |    31 ||    46
       Finesse           |       |       |       |     2 ||     2
  Use: Scroll            |     5 |     7 |     7 |     9 ||    28
       Potion            |     2 |     3 |       |     2 ||     7
Armor: Scale mail        |    19 |       |       |       ||    19
       Chain mail        |    42 |    19 |       |       ||    61
       Plate armour      |       |    73 |    82 |   237 ||   392
Dodge: Dodged            |    29 |    42 |    87 |   282 ||   440
Block: Buckler           |    14 |    26 |    36 |    47 ||   123
       Kite shield       |       |       |       |   120 ||   120

Table legend:
 A = Non-vault XP
 B = Vault XP
 C = Vault XP percentage of total XP
 D = Non-vault monster count
 E = Vault monster count
 F = Vault count percentage of total count
                 A         B        C        D         E       F
            +---------+---------+-------+---------+---------+-------
      Total |   18120 |   10809 |  37.4 |     198 |      76 |  27.7
            +---------+---------+-------+---------+---------+-------
        D:1 |      19 |       4 |  17.4 |      14 |       2 |  12.5
        D:2 |      37 |       0 |   0.0 |      17 |       0 |   0.0
        D:3 |      74 |       0 |   0.0 |      15 |       0 |   0.0
        D:4 |     258 |     110 |  29.9 |      17 |      10 |  37.0
        D:5 |    1469 |     218 |  12.9 |      13 |       2 |  13.3
        D:6 |     444 |      60 |  11.9 |       6 |       2 |  25.0
        D:7 |     582 |      18 |   3.0 |      14 |       1 |   6.7
        D:8 |    1036 |       0 |   0.0 |      24 |       0 |   0.0
        D:9 |    1653 |     615 |  27.1 |      22 |      18 |  45.0
       D:10 |    1727 |    5608 |  76.5 |      19 |      15 |  44.1
       D:11 |    2548 |     777 |  23.4 |       8 |      13 |  61.9
     Lair:1 |    3276 |       0 |   0.0 |      11 |       0 |   0.0
     Lair:2 |    1239 |       0 |   0.0 |       5 |       0 |   0.0
     Lair:3 |    3758 |    3399 |  47.5 |      13 |      13 |  50.0
            +---------+---------+-------+---------+---------+-------
